 Dungeon Crawl Stone Soup version 0.31-a0-986-g5e6e4ef867 (webtiles) character file.

Game seed: 414571558931367291

84 Dordric the Changeling (level 4, -2/28 HPs)
             Began as an Octopode Shapeshifter on Nov 24, 2023.
             Slain by a gnoll
             ... wielding a +0 whip
              (6 damage)
             ... on level 2 of the Dungeon.
             The game lasted 00:01:16 (1411 turns).

Dordric the Changeling (Octopode Shapeshifter)      Turns: 1411, Time: 00:01:17

Health: -2/28      AC:  1    Str: 15    XL:     4   Next: 46%
Magic:  4/4        EV: 13    Int: 12    God:
Gold:   95         SH:  0    Dex: 11    Spells: 3/3 levels left

rFire   . .          .
                       - Unarmed
rCold   . . .        (no shield)
rNeg    . . .        (helmet currently unavailable)
rPois   .            (no amulet)
rElec   .            h - ring of wizardry
rCorr   .            (no ring)
SInv    .            (no ring)
Will    .....        (no ring)
Stlth   ++           (no ring)
HPRegen 0.24/turn    (no ring)
MPRegen 0.09/turn    (no ring)
                     (no ring)

%: wizardry (x1)
@: beast-form
A: beast (slay +2), almost no armour, amphibious, 8 rings, camouflage 1,
gelatinous body 1, (nimble swimmer 1), tentacles
a: Begin Untransformation


You were on level 2 of the Dungeon.
You were a hulking beast.
You visited 1 branch of the dungeon, and saw 2 of its levels.

You collected 95 gold pieces.

Inventory:

Jewellery
 h - a ring of wizardry (left tentacle)
 j - an amulet of guardian spirit
Talismans
 b - a beast talisman
 c - a flux talisman
 i - a blade talisman
Scrolls
 d - 4 scrolls of identify {unknown}
 e - 2 scrolls of amnesia {unknown}
 f - a scroll of poison {unknown}
Potions
 a - a potion of lignification
 g - a potion of heal wounds {unknown}


   Skills:
 - Level 1.0 Fighting
 - Level 2.0 Dodging
 - Level 3.0 Unarmed Combat
 + Level 4.8 Shapeshifting


You had 3 spell levels left.
You didn't know any spells.
Your spell library contained the following spells:

 Spells                   Type           Power      Damage    Failure   Level
 Summon Guardian Golem    Hex/Summ       0%         N/A       36%         3
 Orb of Destruction       Conj           0%         9d5       100%        7
 Spellforged Servitor     Conj/Summ      0%         N/A       100%        7


Dungeon Overview and Level Annotations

Branches:
Dungeon (2/15)

Altars:


Innate Abilities, Weirdness & Mutations

You are a hulking beast.
Your limbs bulge with bestial killing power. (Slay +2)
You cannot wear most types of armour.
You are amphibious.
You can wear up to eight rings at the same time.
Your skin changes colour to match your surroundings (Stealth+).
Your rubbery body absorbs attacks. (AC +1, EV +1)
((You are camouflaged when in or above water. (Stealth+)))
You have tentacles for arms and can constrict up to eight enemies at once.


Message History

You kill the kobold!
No target in view!
No target in view!
HP restored.
Things that are here:
a +0 dagger; a stone; a kobold corpse
j - an amulet of guardian spirit A giant cockroach comes into view.
A giant cockroach is nearby!
Found a shiny scale mail. 2 gnolls come into view.
A gnoll comes into view. It is wielding a +0 whip.
The gnoll shouts!
The gnoll shouts!
The giant cockroach barely misses you.
You closely miss the giant cockroach.
The gnoll shouts!
Your grab misses the giant cockroach.
Your squeeze misses the giant cockroach.
The giant cockroach barely misses you.
You bludgeon the giant cockroach!
You kill the giant cockroach!
The gnoll misses you. The gnoll barely misses you.
You tentacle-slap the gnoll. You grab the gnoll.
The gnoll is moderately wounded.
You constrict the gnoll. The gnoll hits you with a +0 whip.
The gnoll hits you with a +0 halberd. The gnoll hits you with a +0 whip!
There are monsters nearby!
There are monsters nearby!
You release your grip on the gnoll.
The gnoll barely misses you. The gnoll hits you with a +0 whip.
The gnoll attacks as it pursues you! The gnoll hits you with a +0 whip.
The gnoll attacks as it pursues you! The gnoll misses you.
The gnoll attacks as it pursues you! The gnoll barely misses you.
The gnoll attacks as it pursues you! The gnoll barely misses you.
The gnoll attacks as it pursues you!
The gnoll hits you from afar with a +0 halberd!
* * * LOW HITPOINT WARNING * * *
The gnoll attacks as it pursues you! The gnoll hits you with a +0 whip.
You die...

#...##.##.............####.....
##..#.##...............## ##....
.......................# #....
#.............####..#..## #####
...............###......##
.........................##### ##
...............####.(........###.
..............g###...##.#.##.....
.............g.gh...# #....###...
#..........[.....##.####.#.###...
##.....#......#..##...##....##...
############.#..####.###.#.##...
..............##)#..#...
##..........##...##.#...
#.............####.....
............##..#####...
##..........###.........


You could see 3 gnolls.

Vanquished Creatures
  Jessica (D:2)
  2 gnolls (D:1)
  A worm (D:1)
  3 endoplasms (D:1)
  A giant cockroach (D:2)
  2 goblins (D:1)
  4 hobgoblins
  5 jackals (D:1)
  4 kobolds
  A quokka (D:1)
  3 ball pythons (D:1)
  3 bats
  3 frilled lizards (D:1)
  A rat (D:1)
34 creatures vanquished.

Notes
Turn   | Place    | Note
-------+----------+-------------------------------------------
     0 | D:1      | Dordric the Octopode Shapeshifter began the quest for the
                  | Orb.
     0 | D:1      | Reached XP level 1. HP: 13/13 MP: 1/1
   190 | D:1      | Reached XP level 2. HP: 18/18 MP: 2/2
   764 | D:1      | Reached skill level 4 in Shapeshifting
   764 | D:1      | Reached XP level 3. HP: 18/23 MP: 3/3
  1133 | D:2      | Noticed Jessica
  1140 | D:2      | Killed Jessica
  1141 | D:2      | Reached XP level 4. HP: 25/28 MP: 4/4
  1411 | D:2      | Slain by a gnoll

Illustrated notes

Levels and vault maps discovered:
D:1:      tarquinn_simple_flora_water_e, layout_basic
D:2:      layout_rooms, uniq_jessica

Skill      XL: |  1  2 |
---------------+-------+-----
Shapeshifting  | 4 |  4.8
Fighting       | |  1.0
Dodging        | |  2.0
Unarmed Combat | |  3.0

Action                     |  1- 3 |  4- 6 || total
---------------------------+-------+-------++-------
  Melee: Unarmed           |    55 |    13 ||    68
         Constrict         |    11 |     4 ||    15
         Tentacles         |     7 |     1 ||     8
   Stab: Sleeping          |     6 |       ||     6
 Armour: Skin              |    20 |    15 ||    35
  Dodge: Dodged            |    21 |    22 ||    43

Table legend: (Time is in decaauts)
 A = Elapsed time spent in this place.
 B = Non-inter-level travel time spent in this place.
 C = Inter-level travel time spent in this place.
 D = Time resting spent in this place.
 E = Time spent auto-exploring this place.
 F = Levels seen in this place.
 G = Mean time per level.
                   A        B        C        D        E       F      G
               +--------+--------+--------+--------+--------+-----+--------+
         Total |   1407 |   1366 |     41 |      0 |   1157 |   2 |  703.5 |
       Dungeon |   1407 |   1366 |     41 |      0 |   1157 |   2 |  703.5 |
               +--------+--------+--------+--------+--------+-----+--------+

Top non-repeatable levels by time:
     D:1: 1181 daAuts
     D:2: 226 daAuts
